AoeStats
← sethaniel97

Black Forest

510189752Analyzed
3v3 RM · 1d ago on Sep 29, 2026· 53m 22s· 6 players
Game mode
Random Map
Map size
Normal (6 player)
Population
200
Speed
Normal
Resources
Standard
Victory
Conquest
Starting age
Dark Age
Ending age
Imperial Age
RankedLock teamsTeams togetherTeam positionsShared explorationLock speedFull tech treeHidden civsTurbo modeCheats
Victory
Defeat
🇺🇸 Vietnamese · United States
909
+9
🇺🇸 Koreans · United States
825
+12
🇬🇧 Georgians · United Kingdom
818
+13
🇬🇧 Varangians · United Kingdom
804
-13
🇬🇧 Saxons · United Kingdom
743
-11
🇬🇧 Danes · United Kingdom
702
-10
IlIlIIIlIl69
1:39 Loom
12:28 Feudal Age
13:17 Double-Bit Axe
13:37 Horse Collar
14:50 Wheelbarrow
14:42 Stone Mining
15:59 Gold Mining
24:30 Castle Age
23:12 Fletching
24:34 Town Watch
25:22 Bow Saw
25:14 Heavy Plow
25:29 Bodkin Arrow
25:46 Caravan
31:55 Imperial Age
29:18 Treadmill Crane
30:09 Masonry
30:54 Murder Holes
32:36 Gold Shaft Mining
32:37 Stone Shaft Mining
32:07 Eupseong
34:01 Two-Man Saw
36:27 Hand Cart
37:00 Siege Engineers
37:30 Bracer
37:55 Ballistics
39:31 Chemistry
40:03 Crossbowman
40:48 Thumb Ring
41:52 Architecture
41:25 Arbalester
42:48 Husbandry
49:26 Elite Skirmisher
50:16 Scale Barding Armor
50:12 Scale Mail Armor
50:22 Forging
TheBunjiMunji
12:22 Feudal Age
16:51 Castle Age
15:11 Double-Bit Axe
16:17 Horse Collar
17:44 Bow Saw
17:43 Heavy Plow
20:16 Stone Mining
20:16 Gold Mining
22:23 Wheelbarrow
25:34 Fletching
29:10 Hand Cart
32:33 Imperial Age
32:40 Imperial Age
30:22 Bodkin Arrow
33:17 Stone Shaft Mining
33:12 Caravan
33:32 Town Watch
33:33 Loom
34:28 Bracer
34:22 Guard Tower
36:12 Town Patrol
36:34 Padded Archer Armor
36:56 Ballistics
37:16 Fortified Wall
38:22 Chemistry
37:11 Arrowslits
39:17 Leather Archer Armor
39:39 Keep
40:40 Conscription
40:27 Svan Towers
41:26 Crop Rotation
43:26 Murder Holes
45:22 Masonry
44:54 Treadmill Crane
FootNewtons
0:27 Loom
12:47 Feudal Age
19:48 Castle Age
17:42 Horse Collar
17:53 Double-Bit Axe
20:29 Heavy Plow
23:11 Bow Saw
31:33 Imperial Age
29:12 Crossbowman
29:50 Fletching
30:25 Fortified Wall
30:29 Padded Archer Armor
30:23 Gold Mining
31:38 Wheelbarrow
31:23 Stone Mining
31:32 Bodkin Arrow
32:26 Ballistics
33:23 Two-Man Saw
34:29 Chemistry
34:40 Leather Archer Armor
34:53 Hand Cart
34:39 Caravan
34:37 Arbalester
35:52 Bracer
35:38 Elite Skirmisher
36:58 Thumb Ring
38:07 Bloodlines
37:58 Husbandry
38:32 Ring Archer Armor
39:55 Scale Barding Armor
40:01 Forging
39:39 Capped Ram
40:47 Chatras
42:27 Imperial Skirmisher
44:18 Iron Casting
44:05 Chain Barding Armor
44:28 Elite Battle Elephant
46:46 Plate Barding Armor
52:06 Elite Rattan Archer
sethaniel97
1:42 Loom
12:51 Feudal Age
13:32 Double-Bit Axe
13:33 Horse Collar
20:38 Castle Age
19:14 Wheelbarrow
20:04 Stone Mining
24:38 Bow Saw
25:27 Hand Cart
26:32 Stone Shaft Mining
26:36 Heavy Plow
27:12 Fortified Wall
29:14 Gold Mining
29:30 Caravan
30:28 Scale Barding Armor
34:15 Imperial Age
33:12 Fletching
33:22 Padded Archer Armor
33:43 Chain Barding Armor
34:38 Bodkin Arrow
35:58 Two-Man Saw
35:58 Conscription
36:09 Elite Jarl
37:28 Plate Barding Armor
36:53 Bracer
37:09 Leather Archer Armor
37:06 Forging
37:00 Town Watch
36:42 Cranequins
37:52 Bracer
38:31 Heavy Mounted Crossbowman
38:33 Elite Skirmisher
39:42 Scale Mail Armor
44:20 Iron Casting
45:38 Ring Archer Armor
46:09 Blast Furnace
47:32 Crop Rotation
samstanding1
1:12 Loom
12:42 Feudal Age
13:17 Arson
16:31 Double-Bit Axe
17:49 Horse Collar
22:25 Castle Age
20:52 Gold Mining
20:54 Stone Mining
22:22 Man-at-Arms
24:12 Bow Saw
26:00 Heavy Plow
28:55 Gold Shaft Mining
28:56 Stone Shaft Mining
29:22 Elite Skirmisher
33:05 Wheelbarrow
36:02 Imperial Age
33:31 Town Watch
40:49 Pikeman
44:47 Halberdier
44:48 Elite Varangian Guard
47:07 Elite Varangian Guard
50:35 Town Patrol
BiscuitBoy
7:53 Loom
13:17 Feudal Age
18:24 Castle Age
16:21 Double-Bit Axe
16:17 Horse Collar
16:30 Gold Mining
16:30 Stone Mining
19:54 Bow Saw
19:51 Heavy Plow
27:28 Wheelbarrow
26:42 Town Watch
30:33 Hand Cart
30:20 Town Patrol
34:15 Crossbowman
35:01 Thumb Ring
34:50 Fletching
35:00 Padded Archer Armor
34:56 Arson
35:11 Squires
34:57 Gambesons
35:19 Scale Mail Armor
35:29 Forging
36:17 Ballistics
39:01 Imperial Age
39:34 Bodkin Arrow
39:55 Leather Archer Armor
39:56 Chain Mail Armor
40:17 Iron Casting
40:49 Chemistry
39:22 Arbalester
39:25 Elite Varangian Guard
40:15 Shield Wall
42:02 Ring Archer Armor
41:34 Bracer
43:55 Two-Man Saw
43:27 Crop Rotation
43:34 Gold Shaft Mining
47:54 Pikeman
Connection lost

Rejoining the realm…

Still unreachable

The connection could not be restored.

Session expired

The server has moved on; the page needs a fresh start.